AoeStats
← lorry7138

Black Forest

510180454Analyzed
3v3 RM · 4d ago on Sep 29, 2026· 55m 35s· 6 players
Game mode
Random Map
Map size
Normal (6 player)
Population
200
Speed
Normal
Resources
Standard
Victory
Conquest
Starting age
Dark Age
Ending age
Imperial Age
RankedLock teamsTeams togetherTeam positionsShared explorationLock speedFull tech treeHidden civsTurbo modeCheats
Victory
Defeat
🇺🇸 Aztecs · United States
1053
+15
🇺🇸 Poles · United States
1050
+15
🇨🇳 Armenians · China
1046
+15
🇦🇷 Georgians · Argentina
1128
-20
🇺🇸 Franks · United States
1053
-16
🇦🇷 Danes · Argentina
883
-9
BubblySimbly
5:48 Loom
13:37 Feudal Age
19:42 Castle Age
19:13 Horse Collar
20:21 Forging
20:08 Double-Bit Axe
20:35 Squires
20:47 Eagle Warrior
22:43 Fervor
24:25 Wheelbarrow
26:12 Scale Mail Armor
27:29 Pikeman
30:52 Imperial Age
29:47 Heavy Plow
30:00 Bow Saw
31:57 Hand Cart
33:01 Iron Casting
32:42 Chain Mail Armor
33:00 Gold Mining
34:18 Elite Eagle Warrior
36:04 Blast Furnace
36:14 Conscription
37:15 Plate Mail Armor
38:56 Atlatl
38:48 Fletching
38:59 Padded Archer Armor
39:09 Town Watch
39:25 Elite Skirmisher
40:13 Bodkin Arrow
40:34 Leather Archer Armor
41:19 Bracer
41:42 Ballistics
41:59 Town Patrol
42:45 Garland Wars
48:26 Chemistry
50:42 Crossbowman
lorry7138
0:27 Loom
9:42 Feudal Age
11:01 Wheelbarrow
10:11 Town Watch
10:47 Double-Bit Axe
10:53 Gold Mining
10:55 Man-at-Arms
13:59 Horse Collar
14:07 Long Swordsman
21:20 Castle Age
19:50 Stone Mining
22:20 Bow Saw
22:51 Gold Shaft Mining
22:42 Heavy Plow
26:49 Treadmill Crane
30:28 Imperial Age
29:34 Ballistics
29:11 Murder Holes
29:34 Fletching
29:56 Forging
29:47 Scale Mail Armor
29:48 Padded Archer Armor
31:37 Hand Cart
31:23 Bodkin Arrow
31:45 Fortified Wall
32:00 Arson
32:16 Squires
32:02 Gambesons
34:47 Bracer
35:22 Iron Casting
35:03 Chain Mail Armor
35:04 Leather Archer Armor
35:12 Elite Composite Bowman
36:14 Conscription
36:29 Fereters
35:54 Pikeman
35:55 Two-Handed Swordsman
37:08 Guilds
39:10 Blast Furnace
38:41 Plate Mail Armor
37:37 Halberdier
38:36 Two-Handed Swordsman
39:54 Champion
40:16 Heavy Scorpion
40:18 Capped Ram
42:01 Ring Archer Armor
42:07 Coinage
41:38 Caravan
42:45 Town Patrol
43:17 Heresy
42:59 Devotion
43:11 Fervor
43:16 Siege Ram
48:18 Banking
47:49 Caravan
49:50 Hoardings
48:46 Sappers
49:26 Scale Barding Armor
Faelian the Unsuccessful
6:33 Loom
11:59 Feudal Age
15:51 Castle Age
14:09 Double-Bit Axe
23:01 Stone Mining
26:37 Szlachta Privileges
27:34 Scale Barding Armor
27:40 Forging
27:41 Bloodlines
28:47 Chain Barding Armor
28:28 Husbandry
29:41 Wheelbarrow
28:51 Town Watch
30:29 Iron Casting
31:00 Hand Cart
30:45 Town Patrol
30:47 Horse Collar
31:17 Scale Mail Armor
31:29 Squires
31:16 Arson
30:52 Pikeman
31:35 Fletching
31:45 Padded Archer Armor
35:15 Imperial Age
33:12 Chain Mail Armor
32:53 Bodkin Arrow
32:58 Padded Archer Armor
32:54 Bodkin Arrow
32:59 Padded Archer Armor
32:54 Bodkin Arrow
33:04 Padded Archer Armor
33:00 Bodkin Arrow
33:40 Treadmill Crane
34:21 Ballistics
34:12 Masonry
34:00 Gold Mining
34:40 Bow Saw
35:02 Leather Archer Armor
35:21 Cavalier
36:25 Conscription
36:26 Lechitic Legacy
37:08 Chemistry
35:41 Elite Obuch
35:51 Light Cavalry
37:52 Blast Furnace
37:24 Plate Mail Armor
36:55 Bracer
37:04 Winged Hussar
38:25 Elite Skirmisher
39:11 Thumb Ring
38:29 Heavy Mounted Crossbowman
38:30 Elite Obuch
41:04 Caravan
42:51 Caravan
45:18 Heavy Plow
45:01 Elite Obuch
Sauco
0:44 Loom
13:02 Feudal Age
17:01 Castle Age
27:53 Squires
29:27 Gambesons
32:28 Double-Bit Axe
34:57 Wheelbarrow
37:21 Horse Collar
39:38 Ballistics
40:13 Heavy Plow
44:46 Imperial Age
42:52 Arson
44:59 Hand Cart
44:35 Town Watch
45:29 Murder Holes
45:35 Capped Ram
46:31 Hamask
48:45 Heavy Scorpion
50:07 Pikeman
54:08 Masonry
soy el Nico
10:25 Feudal Age
14:51 Castle Age
13:22 Double-Bit Axe
13:36 Horse Collar
17:08 Loom
24:12 Wheelbarrow
24:46 Scale Barding Armor
26:51 Gold Mining
27:13 Bow Saw
26:54 Stone Mining
28:16 Forging
28:55 Heavy Plow
32:05 Imperial Age
30:26 Caravan
31:13 Iron Casting
32:18 Husbandry
32:30 Bloodlines
33:05 Chain Barding Armor
32:09 Cavalier
34:25 Blast Furnace
34:09 Capped Ram
36:27 Plate Barding Armor
35:44 Fletching
37:44 Hand Cart
37:53 Bodkin Arrow
42:04 Bracer
41:41 Light Cavalry
42:46 Conscription
44:12 Hussar
48:42 Onager
50:11 Elite Monaspa
55:12 Scale Mail Armor
55:12 Padded Archer Armor
55:49 Murder Holes
56:06 Masonry
56:17 Ballistics
56:58 Chemistry
55:43 Arrowslits
Kin
9:08 Loom
11:19 Feudal Age
15:01 Castle Age
14:53 Double-Bit Axe
16:47 Bow Saw
21:12 Stone Mining
24:29 Wheelbarrow
25:18 Gold Mining
26:29 Husbandry
28:14 Gold Shaft Mining
27:59 Fletching
28:10 Padded Archer Armor
28:45 Bodkin Arrow
29:34 Wheelbarrow
28:44 Town Watch
29:38 Town Patrol
30:26 Leather Archer Armor
30:05 Ordonnance Companies
33:59 Imperial Age
32:22 Leather Archer Armor
33:55 Ballistics
34:32 Caravan
35:06 Coinage
35:44 Chemistry
34:51 Siege Engineers
35:14 Conscription
34:55 Heavy Mounted Crossbowman
34:55 Cranequins
36:51 Forging
36:48 Scale Barding Armor
36:08 Light Cavalry
41:41 Chain Barding Armor
41:57 Iron Casting
43:28 Plate Barding Armor
42:56 Chivalry
43:33 Hoardings
45:56 Blast Furnace
53:29 Squires
Connection lost

Rejoining the realm…

Still unreachable

The connection could not be restored.

Session expired

The server has moved on; the page needs a fresh start.